 Dungeon Crawl Stone Soup version 0.19.5 (webtiles) character file.

86 Zhenya24pyc the Cudgeler (level 4, -6/28 HPs)
             Began as a Gargoyle Fighter on Apr 8, 2017.
             Mangled by Sigmund
             ... wielding a +0 scythe
              (7 damage)
             ... on level 2 of the Dungeon.
             The game lasted 00:02:44 (1314 turns).

Zhenya24pyc the Cudgeler (Gargoyle Fighter)         Turns: 1314, Time: 00:02:45

Health: -6/28      AC: 13    Str: 20    XL:     4   Next: 49%
Magic:  4/4        EV:  7    Int:  9    God:
Gold:   75         SH:  9    Dex:  9    Spells: 0 memorised, 3 levels left

rFire  . . .     SeeInvis .     a - +0 flail
rCold  . . .     Gourm    .     b - +0 scale mail
rNeg   + . .     Faith    .     c - +0 shield
rPois  ∞         Spirit   .     o - +0 helmet
rElec  +         Reflect  .     j - +1 cloak
rCorr  .         Harm     .     (no gloves)
MR     .....                    (no boots)
Stlth  ..........               n - amulet of magic regeneration
                                (no ring)
                                (no ring)

@: no status effects
A: negative energy resistance 1, electricity resistance, unbreathing,
petrification resistance, rot immunity, AC +3
a: no special abilities


You were on level 2 of the Dungeon.
You were hungry.

You visited 1 branch of the dungeon, and saw 2 of its levels.

You collected 75 gold pieces.

Inventory:

Hand Weapons
 a - a +0 flail (weapon)
Armour
 b - a +0 scale mail (worn)
 c - a +0 shield (worn)
 j - a +1 cloak (worn)
 o - a +0 helmet (worn)
Jewellery
 n - an amulet of magic regeneration (around neck)
Wands
 p - a wand of digging (10/24)
Scrolls
 i - 2 scrolls of remove curse {unknown}
 k - 3 scrolls of identify {unknown}
 l - a scroll of magic mapping {unknown}
Potions
 d - a potion of might
 e - a potion of degeneration {unknown}
 g - a potion of mutation {unknown}
 q - a potion of haste {unknown}
 r - a potion of ambrosia {unknown}
 s - a potion of curing {unknown}
Comestibles
 f - a bread ration
 h - a meat ration
 m - a slice of pizza


   Skills:
 - Level 3.3 Fighting
 * Level 4.5 Maces & Flails
 - Level 3.2 Armour
 - Level 3.2 Shields


You had 3 spell levels left.
You didn't know any spells.

Dungeon Overview and Level Annotations

Branches:
Dungeon (2/15)

Altars:
Dithmenos

Annotations:
D:2 Sigmund


Innate Abilities, Weirdness & Mutations

You are resistant to torment.
Your stone body is resilient. (AC +3)
You are immune to poison.
You resist negative energy. (rN+)
You are resistant to electric shocks. (rElec)
You can survive without breathing.
You are immune to petrification.
You are immune to rotting.


Message History

No target in view!
No target in view!
You miss something. Something hits you but does no damage.
You hit something. Something hits you but does no damage.
You closely miss something. You block something's attack.
You sock something! Something hits you.
You closely miss something. Something hits you!
* * * LOW HITPOINT WARNING * * *
You closely miss something.
Your shield and scale mail prevent you from hitting something.
Something hits you but does no damage.
You hit something. Something hits you but does no damage.
Your shield prevents you from hitting something.
Something hits you but does no damage.
You closely miss something. Something hits you!
* * * LOW HITPOINT WARNING * * *
Your shield and scale mail prevent you from hitting something.
You closely miss something. Something hits you but does no damage.
You miss something. Something hits you!
You die...

#........#
#.# ....
#........#
#..#
#........#
..#
#######..##.#
#..........#
#.###.###..#
#.# #..#
#+###..#
+{@..# ###.##
#.# #!# ..#
... ###


There were no monsters in sight!

Vanquished Creatures
  Terence (D:2)
  Robin (D:2)
  An ooze (D:1)
  A worm (D:2)
  2 leopard geckos (D:1)
  2 giant cockroaches (D:1)
  13 goblins
  4 hobgoblins
  6 bats (D:1)
  A frilled lizard (D:1)
  3 kobolds
  7 rats
42 creatures vanquished.

Notes
Turn   | Place    | Note
-------+----------+-------------------------------------------
     0 | D:1      | Zhenya24pyc the Gargoyle Fighter began the quest for the Orb.
     0 | D:1      | Reached XP level 1. HP: 14/14 MP: 1/1
   143 | D:1      | Reached XP level 2. HP: 16/19 MP: 2/2
   230 | D:1      | Reached skill level 3 in Maces & Flails
   351 | D:1      | Reached XP level 3. HP: 23/23 MP: 3/3
   811 | D:2      | Found a shadowy altar of Dithmenos.
   814 | D:2      | Noticed Robin
  1114 | D:2      | Killed Robin
  1114 | D:2      | Reached skill level 4 in Maces & Flails
  1197 | D:2      | Reached XP level 4. HP: 28/28 MP: 4/4
  1245 | D:2      | Noticed Terence
  1258 | D:2      | Killed Terence
  1299 | D:2      | Noticed Sigmund
  1311 | D:2      | HP: 1/28 [something (7)]
  1314 | D:2      | Mangled by Sigmund

Skill      XL: |  1  2  3 |
---------------+----------+-----
Maces & Flails | 3 4 |  4.5
Fighting       | |  3.3
Armour         | |  3.2
Shields        | |  3.2

Action                   |  1- 3 |  4- 6 || total
-------------------------+-------+-------++-------
Melee: Flail             |   147 |    26 ||   173
  Eat: Chunk             |     1 |       ||     1
Armor: Scale mail        |   100 |    12 ||   112
Dodge: Dodged            |    66 |     2 ||    68
Block: Shield            |    99 |     8 ||   107
